 Seeded DCSS version 0.28.0-53-g5a82cb258f (webtiles) character file.

Game seed: 10928347 (custom seed)

121 xaos the Cudgeller (level 5, -9/41 HPs)
             Began as a Barachi Warper on June 7, 2022.
             Was a Plaything of Xom.
             Mangled by a neqoxec (18 damage)
             ... summoned by Xom
             ... on level 2 of the Dungeon on June 9, 2022.
             The game lasted 00:10:28 (3663 turns).

xaos the Cudgeller (Barachi Warper)                 Turns: 3663, Time: 00:10:28

Health: -9/41      AC: 17    Str: 21    XL:     5   Next: 5%
Magic:  8/8        EV:  8    Int: 13    God:    Xom [....*.]
Gold:   101        SH:  0    Dex: 12    Spells: 8/8 levels left

rFire   . . .      SeeInvis .   a - +0 mace
rCold   x . .      Faith    .   (no shield)
rNeg    . . .      Spirit   .   j - +0 chain mail
rPois   .          Reflect  .   (no helmet)
rElec   .          Harm     .   r - +2 cloak "Fuwaotob" {rC- Str+7}
rCorr   .          Rampage  .   (no gloves)
Will    .....                   q - +0 pair of boots
Stlth   ..........              e - amulet of the acrobat
HPRegen 0.13/turn               m - +4 ring of protection
MPRegen 0.11/turn               (no ring)

@: slow
A: amphibious, slowness 1, strong legs 1, +LOS
a: Hop, Renounce Religion


You were on level 2 of the Dungeon.
You worshipped Xom.
You were a beloved toy of Xom.
You visited 1 branch of the dungeon, and saw 2 of its levels.

You collected 101 gold pieces.

Inventory:

Hand Weapons
 a - a +0 mace (weapon)
 b - a +0 shortbow
Missiles
 d - 5 boomerangs of dispersal
 i - 6 poisoned darts (quivered)
Armour
 j - a +0 chain mail (worn)
 q - a +0 pair of boots (worn)
 r - the +2 cloak "Fuwaotob" (worn) {rC- Str+7}
   (You found it on level 2 of the Dungeon)

   Str:       It affects your strength (+7).
   rC:        It makes you vulnerable to cold.
Jewellery
 e - an amulet of the acrobat (around neck)
 g - a +6 ring of dexterity
 m - a +4 ring of protection (left hand)
 p - a ring of willpower
Scrolls
 c - a scroll of blinking
 n - a scroll of vulnerability {unknown}
 o - a scroll of fear {unknown}
Potions
 f - a potion of heal wounds {unknown}
 h - 2 potions of degeneration {unknown}
 k - a potion of magic {unknown}
 l - a potion of resistance {unknown}


   Skills:
 + Level 3.2 Fighting
 + Level 4.0 Maces & Flails
 + Level 1.0 Throwing
 + Level 2.5 Armour
 + Level 2.3 Dodging
 + Level 1.1 Stealth
 + Level 2.1 Spellcasting
 + Level 3.5 Translocations


You had 8 spell levels left.
You didn't know any spells.
Your spell library contained the following spells:

 Spells                   Type           Power      Damage    Failure   Level
 Blink                    Tloc           20%        N/A       65%         2
 Gell's Gravitas          Tloc           10%        N/A       86%         3
 Lesser Beckoning         Tloc           10%        N/A       86%         3
 Teleport Other           Tloc           10%        N/A       86%         3
 Frozen Ramparts          Ice            2%         1d2       100%        3
 Hailstorm                Conj/Ice       1%         3d3       100%        4
 Manifold Assault         Tloc           10%        N/A       100%        5
 Ozocubu's Refrigeration  Ice            0%         4d5       100%        7


Dungeon Overview and Level Annotations

Branches:
Dungeon (2/15)

Altars:
Xom


Innate Abilities, Weirdness & Mutations

You are amphibious.
You cover ground slowly.
You can hop short distances.
You have an extended range of vision and can be seen from far away.


Message History

You are now a beloved toy of Xom.
You see here a +0 dagger of speed.
You hit the iron imp.
The iron imp is moderately wounded.
The crimson imp is engulfed in seething chaos.
The crimson imp suddenly stops moving!
The white imp is engulfed in seething chaos.
The white imp flickers and vanishes!
Deactivating autopickup; reactivate with Ctrl-A.
The iron imp hits you but does no damage.
You hit the iron imp but do no damage.
The iron imp is moderately wounded.
The crimson imp is engulfed in seething chaos.
The crimson imp evaporates and reforms as a neqoxec!
The neqoxec hits you!
You hit the iron imp but do no damage.
The iron imp is moderately wounded.
The iron imp hits you but does no damage.
You closely miss the iron imp.
The iron imp is moderately wounded.
The iron imp hits you but does no damage.
The neqoxec is engulfed in seething chaos.
The neqoxec goes berserk!
The neqoxec hits you!!
A shower of butterflies erupts from you!
You hit the iron imp.
The iron imp is severely wounded.
The neqoxec is engulfed in seething chaos.
The neqoxec hits you but does no damage.
The iron imp closely misses you.
The neqoxec is engulfed in seething chaos.
The neqoxec suddenly seems more agile.
The neqoxec hits you!
* * * LOW HITPOINT WARNING * * *
You hit the iron imp.
The iron imp is almost dead.
The neqoxec closely misses you. The iron imp barely misses you.
You hit the iron imp.
You kill the iron imp!
The iron imp disappears in a puff of smoke!
The neqoxec hits you!!
You die...

####..# #.# .....## #.#
###### #.# #.# #.# #.#
#.#
######################.#
...............b@3{....#
######################.#
###


You could see a neqoxec (summoned, berserk, agile, ally target).

Vanquished Creatures
  2 centaur skeletons (D:2)
  3 adders (D:2)
  A worm (D:2)
  A dart slug (D:2)
  6 ball pythons
  3 endoplasms (D:1)
  2 giant cockroaches
  4 goblins
  A hobgoblin (D:2)
  4 quokkas
  3 bats
  2 frilled lizards (D:2)
  A kobold (D:2)
  3 rats
36 creatures vanquished.

Notes
Turn   | Place    | Note
-------+----------+-------------------------------------------
     0 | D:1      | xaos the Barachi Warper began the quest for the Orb.
     0 | D:1      | Reached XP level 1. HP: 17/17 MP: 3/3
   580 | D:1      | Reached XP level 2. HP: 23/23 MP: 5/5
  1333 | D:2      | Reached skill level 3 in Maces & Flails
  1333 | D:2      | Reached XP level 3. HP: 24/28 MP: 6/6
  1692 | D:2      | Reached skill level 1 in Stealth
  1692 | D:2      | Reached XP level 4. HP: 28/35 MP: 7/7
  2264 | D:2      | Found a faded altar of an unknown god.
  2533 | D:2      | Prayed at the altar of an unknown god.
  2533 | D:2      | Became a worshipper of Xom of Gnomic Intent
  2571 | D:2      | Reached skill level 4 in Maces & Flails
  2756 | D:2      | Got the Catalogue of the Frostbite
  3016 | D:1      | XOM: silly message
  3205 | D:2      | Identified the +2 cloak "Fuwaotob" {rC- Str+7}
  3267 | D:2      | Reached XP level 5. HP: 41/41 MP: 8/8
  3607 | D:2      | XOM: cloud trail
  3656 | D:2      | XOM: summons 3 hostile demons
  3658 | D:2      | Noticed a neqoxec
  3658 | D:2      | a crimson imp changed into a neqoxec
  3660 | D:2      | XOM: butterfly on damage
  3663 | D:2      | Mangled by a neqoxec

Illustrated notes

Levels and vault maps discovered:
D:1:      mrwooster_arrival_statue_3, layout_loops_corners,
          chequers_serial_rivers_room_b
D:2:      layout_basic, nicolae_ecumenical_snake_handling

Skill      XL: |  1  2  3  4 |
---------------+-------------+-----
Maces & Flails | 3 4 |  4.0
Armour         | 2 |  2.5
Fighting       | 3 |  3.2
Stealth        | 1 |  1.1
Throwing       | |  1.0
Dodging        | |  2.3
Spellcasting   | |  2.1
Translocations | |  3.5

Action                   |  1- 3 |  4- 6 || total
-------------------------+-------+-------++-------
Melee: Mace              |    77 |    94 ||   171
Armor: Chain mail        |    65 |    69 ||   134
       Leather armour    |     5 |       ||     5
Dodge: Dodged            |    51 |    56 ||   107
